 Dungeon Crawl Stone Soup version 0.31-a0-232-gb1c03b2570 (webtiles) character file.

Game seed: 6834261606063985417

486 qw the Shooter (level 6, -5/41 HPs)
             Began as a Minotaur Hexslinger on July 7, 2023.
             Slain by Duvessa
             ... wielding a +0 rapier
              (15 damage)
             ... on level 3 of the Dungeon.
             The game lasted 00:34:48 (17327 turns).

qw the Shooter (Minotaur Hexslinger)               Turns: 17327, Time: 00:34:48

Health: -5/41      AC:  6    Str: 13    XL:     6   Next: 89%
Magic:  6/6        EV: 11    Int: 10    God:
Gold:   206        SH:  0    Dex: 14    Spells: 6/7 levels left

rFire   . . .        Y - +2 sling
rCold   . . .        (no shield)
rNeg    . . .        h - +0 ring mail
rPois   +            (helmet restricted)
rElec   .            i - +0 cloak
rCorr   .            (no gloves)
SInv    .            (no boots)
Will    .....        (no amulet)
Stlth   +            b - ring of poison resistance
HPRegen 0.26/turn    (no ring)
MPRegen 0.10/turn

%: no passive effects
@: no status effects
A: horns 2, retaliatory headbutt
a: no special abilities


You were on level 3 of the Dungeon.
You visited 1 branch of the dungeon, and saw 4 of its levels.

You collected 206 gold pieces.


Innate Abilities, Weirdness & Mutations

You have a pair of horns on your head.
You reflexively headbutt those who attack you in melee.


   Skills:
 - Level 4.1 Fighting
 + Level 7.1 Ranged Weapons
 - Level 1.3 Armour
 - Level 2.1 Dodging
 - Level 1.0 Spellcasting
 - Level 2.0 Hexes


You had 6 spell levels left.
You knew the following spells:

 Your Spells              Type           Power      Damage    Failure   Level
a - Slow                  Hex            16%        N/A       32%         1

Your spell library contained the following spells:

 Spells                   Type           Power      Damage    Failure   Level
 Inner Flame              Hex/Fire       2%         N/A       82%         3
 Portal Projectile        Hex/Tloc       4%         N/A       82%         3
 Cause Fear               Hex            2%         N/A       97%         4

Inventory:

Hand Weapons
 Y - a +2 sling (weapon)
Armour
 h - a +0 ring mail (worn)
 i - a +0 cloak (worn)
Jewellery
 b - a ring of poison resistance (left hand)
Scrolls
 a - a scroll of identify
Potions
 d - 2 potions of might
 e - a potion of haste
 f - a potion of curing {unknown}
 g - a potion of cancellation {unknown}

Dungeon Overview and Level Annotations

Branches:
Dungeon (4/15)
 Temple: D:4-7

Altars:
Trog
Uskayaw

Annotations:
D:3 Duvessa


Message History

You shoot a sling bullet.
The sling bullet hits Duvessa but does no damage.
Duvessa is moderately wounded.
Duvessa closely misses you.
You shoot a sling bullet. The sling bullet hits Duvessa.
Duvessa is moderately wounded.
Duvessa completely misses you. Dowan barely misses you.
You furiously retaliate!
You headbutt Dowan. You shoot a sling bullet. The sling bullet hits Duvessa.
Duvessa is heavily wounded.
Duvessa gestures with her weapon.
Duvessa misses you. Dowan misses you.
You shoot a sling bullet. The sling bullet hits Duvessa.
Duvessa is heavily wounded.
Duvessa hits you with a +0 rapier. Dowan closely misses you.
You furiously retaliate!
You headbutt Dowan. You shoot a sling bullet. The sling bullet hits Duvessa.
Duvessa is heavily wounded.
Duvessa hits you with a +0 rapier. Dowan closely misses you.
You furiously retaliate!
You headbutt Dowan!
17323 ||| STAIRDANCE Duvessa hits you with a +0 rapier.
Dowan hits you with a +0 dagger.
You climb upwards.
There is a stone staircase leading down here.
You shoot a sling bullet.
The sling bullet hits Dowan but does no damage.
Dowan is severely wounded.
Dowan closely misses you. Duvessa hits you with a +0 rapier. Dowan misses you.
You furiously retaliate!
You headbutt Dowan!
You kill Dowan!
Duvessa screams, "No!
How DARE you!"
Duvessa goes berserk!
Duvessa hits you but does no damage.
Your Ranged Weapons skill increases to level 7!
You shoot a sling bullet. The sling bullet hits Duvessa!
Duvessa is severely wounded.
Duvessa hits you with a +0 rapier!
You shoot a sling bullet. The sling bullet hits Duvessa.
Duvessa is severely wounded.
Duvessa hits you with a +0 rapier! x2
You die...

#.......########## #....# ###
#####...##.......# #....# #..
#...##.......####....# #..
#.<.##...............### #..
#...#######........#...# #..
#...#....##........#...####..
#...#....##........#.........
#...#....##e.................
#...#....##.@.........#....##
#...#....##).)........#....##
#.....................'......
#.#.#)...##...........#....##
#.....>......................
#.#######.....###############
#.# #.....# ######## #. #.#
#.....####......####. #.#
#.....'..'......#....


You could see Duvessa (berserk).

Vanquished Creatures
  A black bear (D:3)
  A scorpion (D:4)
  Dowan (D:3)
  A hound (D:4)
  An orc priest (D:3)
  A sleepcap (D:4)
  8 gnolls
  5 adders
  6 orcs
  6 ball pythons
  5 bats
  5 endoplasms
  6 giant cockroaches
  8 goblins
  5 hobgoblins
  3 jackals (D:3)
  10 kobolds
  4 quokkas
  2 frilled lizards
  6 rats
85 creatures vanquished.

Notes
Turn   | Place    | Note
-------+----------+-------------------------------------------
     0 | D:1      | qw the Minotaur Hexslinger began the quest for the Orb.
     0 | D:1      | Reached XP level 1. HP: 16/16 MP: 1/1
     0 | D:1      | 0 ||| qw: Version: 0.3-a-46-gb1f654a
     0 | D:1      | 0 ||| qw: Game counter: 2869
     0 | D:1      | 0 ||| qw: Melee chars always use a shield: true
     0 | D:1      | 0 ||| qw: God list: Okawaru
     0 | D:1      | 0 ||| qw: Allow faded altars: false
     0 | D:1      | 0 ||| qw: Do Orc after clearing Dungeon:15 true
     0 | D:1      | 0 ||| qw: Do second Lair branch before Depths: true
     0 | D:1      | 0 ||| qw: Lair rune preference: random
     0 | D:1      | 0 ||| qw: Goals: Normal
     0 | D:1      | 0 ||| PLANNING D:1-11
    48 | D:1      | Reached skill level 3 in Ranged Weapons
    49 | D:1      | Reached XP level 2. HP: 21/23 MP: 2/2
   563 | D:1      | 563 ||| UPGRADING to +0 ring mail.
   573 | D:1      | 573 ||| DROPPING +0 robe.
   574 | D:1      | 574 ||| READING 2 scrolls labelled QOAMMUCYGU.
   575 | D:1      | 575 ||| READING scroll labelled OTTUPP CAOPRO.
   576 | D:1      | 576 ||| DROPPING scroll of poison.
   617 | D:2      | Found a hide-covered altar of Uskayaw.
   696 | D:2      | 696 ||| READING scroll labelled BUDIES TIAXZEA.
   697 | D:2      | 697 ||| READING scroll labelled KANEMO ETAXOT.
   707 | D:2      | Found a faded altar of an unknown god.
   751 | D:2      | Reached XP level 3. HP: 29/29 MP: 3/3
   945 | D:2      | Reached skill level 4 in Ranged Weapons
  1253 | D:2      | 1253 ||| UPGRADING to ring of poison resistance.
  1254 | D:2      | 1254 ||| READING 4 scrolls of identify.
  1254 | D:2      | 1254 ||| IDENTIFYING red potion
  1255 | D:2      | 1255 ||| READING 3 scrolls of identify.
  1255 | D:2      | 1255 ||| IDENTIFYING bubbling white potion
  1256 | D:2      | 1256 ||| READING 2 scrolls of identify.
  1256 | D:2      | 1256 ||| IDENTIFYING purple potion
  1292 | D:3      | 1292 ||| PLANNING SEWER
  1344 | D:3      | Reached skill level 1 in Armour
  1624 | D:3      | Reached XP level 4. HP: 36/36 MP: 4/4
  1627 | D:3      | HP: 9/36 [gnoll/+3 whip (5)]
  1628 | D:3      | 1628 ||| DRINKING 2 potions of heal wounds.
  1632 | D:3      | HP: 9/36 [gnoll/+3 whip (7)]
  1633 | D:3      | 1633 ||| DRINKING potion of heal wounds.
  1647 | D:3      | 1647 ||| FLEEEEING.
  1648 | D:3      | 1648 ||| FLEEEEING.
  1649 | D:3      | 1649 ||| FLEEEEING.
  1650 | D:3      | 1650 ||| FLEEEEING.
  1654 | D:3      | 1654 ||| FLEEEEING.
  1655 | D:3      | 1655 ||| FLEEEEING.
  1656 | D:3      | 1656 ||| FLEEEEING.
  1657 | D:3      | 1657 ||| FLEEEEING.
  1868 | D:3      | 1868 ||| Stepping ~*~*~tactically~*~*~ (water).
  1872 | D:3      | Reached skill level 5 in Ranged Weapons
  1937 | D:3      | Found a glowing drain.
  1938 | D:3      | 1938 ||| UPGRADING to +0 cloak.
  1943 | D:3      | 1943 ||| READING scroll labelled MYH POKKUEWK.
  7069 | D:3      | Reached skill level 3 in Fighting
  7069 | D:3      | Reached XP level 5. HP: 27/45 MP: 5/5
 15149 | D:3      | Glimpsed the power of Zot.
 15594 | D:3      | Glimpsed the power of Zot.
 15943 | D:3      | Glimpsed the power of Zot.
 16020 | D:3      | Touched by the power of Zot (MHP 45 -> 35)
 16021 | D:3      | 16021 ||| RIP SEWER
 16021 | D:3      | 16021 ||| PLANNING D:1-11
 16021 | D:3      | Glimpsed the power of Zot.
 16461 | D:4      | Noticed a black bear
 16466 | D:4      | 16466 ||| STAIRDANCE
 16468 | D:3      | Killed a black bear
 16469 | D:3      | Reached skill level 6 in Ranged Weapons
 16469 | D:3      | Reached XP level 6. HP: 30/40 MP: 6/6
 16511 | D:4      | 16511 ||| STAIRDANCE
 16630 | D:4      | Identified the +1 dagger of Lighyewk {freeze, rElec Dex+2}
 16705 | D:4      | Found a bloodstained altar of Trog.
 17094 | D:4      | Noticed Duvessa
 17099 | D:4      | 17099 ||| FLEEEEING.
 17100 | D:4      | 17100 ||| FLEEEEING.
 17101 | D:4      | 17101 ||| FLEEEEING.
 17102 | D:4      | 17102 ||| FLEEEEING.
 17103 | D:4      | 17103 ||| FLEEEEING.
 17104 | D:4      | 17104 ||| FLEEEEING.
 17105 | D:4      | 17105 ||| FLEEEEING.
 17106 | D:4      | 17106 ||| FLEEEEING.
 17107 | D:4      | 17107 ||| FLEEEEING.
 17108 | D:4      | 17108 ||| FLEEEEING.
 17109 | D:4      | 17109 ||| FLEEEEING.
 17110 | D:4      | 17110 ||| FLEEEEING.
 17111 | D:4      | 17111 ||| FLEEEEING.
 17112 | D:4      | 17112 ||| FLEEEEING.
 17113 | D:4      | 17113 ||| FLEEEEING.
 17114 | D:4      | 17114 ||| FLEEEEING.
 17115 | D:4      | 17115 ||| FLEEEEING.
 17116 | D:4      | 17116 ||| STAIRDANCE
 17134 | D:3      | 17134 ||| READING scroll labelled GOMOUR LEYNK.
 17137 | D:4      | Noticed Dowan
 17139 | D:4      | 17139 ||| STAIRDANCE
 17188 | D:4      | 17188 ||| STAIRDANCE
 17211 | D:4      | 17211 ||| STAIRDANCE
 17248 | D:4      | 17248 ||| STAIRDANCE
 17299 | D:4      | 17299 ||| STAIRDANCE
 17323 | D:4      | 17323 ||| STAIRDANCE
 17325 | D:3      | Killed Dowan
 17326 | D:3      | Reached skill level 7 in Ranged Weapons
 17327 | D:3      | HP: 10/41 [Duvessa/+0 rapier (7)]
 17327 | D:3      | Slain by Duvessa

Levels and vault maps discovered:
D:1:      dpeg_arrival_rooms_b, layout_rooms
D:2:      layout_loops_ring, shapermc_ecumenical_altar_venn, basic_altar
D:3:      layout_basic, gup_sewer_entry_bubbles
D:4:      layout_layer_cave, trog_three_pillars_becter, uniq_duvessa

Skill      XL: |  1  2  3  4  5  6 |
---------------+-------------------+-----
Ranged Weapons | 3 4 5 6 7 |  7.1
Fighting       | 2 3 4 |  4.1
Armour         | 1 |  1.3
Dodging        | |  2.1
Spellcasting   | |  1.0
Hexes          | |  2.0

Action                     |  1- 3 |  4- 6 || total
---------------------------+-------+-------++-------
   Fire: Sling             |   108 |   173 ||   281
    Use: Scroll            |     7 |     2 ||     9
         Potion            |       |     2 ||     2
 Armour: Robe              |     6 |       ||     6
         Ring mail         |    19 |    29 ||    48
  Dodge: Dodged            |    40 |    59 ||    99

Table legend:
 A = Non-vault XP
 B = Vault XP
 C = Vault XP percentage of total XP
 D = Non-vault monster count
 E = Vault monster count
 F = Vault count percentage of total count
                 A         B        C        D         E       F
            +---------+---------+-------+---------+---------+-------
      Total |     605 |      90 |  12.9 |      76 |       9 |  10.6
            +---------+---------+-------+---------+---------+-------
        D:1 |      31 |       0 |   0.0 |      18 |       0 |   0.0
        D:2 |      33 |       0 |   0.0 |      13 |       0 |   0.0
        D:3 |     297 |      90 |  23.3 |      28 |       9 |  24.3
        D:4 |     244 |       0 |   0.0 |      17 |       0 |   0.0
            +---------+---------+-------+---------+---------+-------
